 Dungeon Crawl Stone Soup version 0.16-a0-3643-g096a701 (webtiles) character file.

20447 PolkaDot the Martial Artist (level 12, -1/112 HPs)
             Began as a Green Draconian Monk on Jan 16, 2015.
             Was a High Priest of Ashenzari.
             Slain by a sun demon (5 damage)
             ... summoned by a kobold demonologist
             ... on level 13 of the Dungeon.
             The game lasted 00:41:21 (15627 turns).

PolkaDot the Martial Artist (Green Draconian Monk) Turns: 15627, Time: 00:41:22

Health: -1/112     AC: 18    Str: 15      XL:     12   Next: 45%
Magic:  21/21      EV: 23    Int: 13 (15) God:    Ashenzari [*****.]
Gold:   841        SH:  0    Dex: 17      Spells: 0 memorised, 11 levels left

rFire  + . .     SeeInvis +       - Unarmed
rCold  + . .     Clarity  +     (armour unavailable)
rNeg   . . .     SustAb   .     (no shield)
rPois  +         Gourm    .     (helmet restricted)
rElec  +         Spirit   .     K - +0 cloak (curse)
rCorr  +         Warding  .     g - +1 pair of gloves (curse)
rMut   .         Stasis   .     E - +2 pair of boots (curse)
MR     .....                    (no amulet)
Stlth  ++........               d - +4 ring of protection (curse)
                                p - +3 ring of evasion (curse)

@: resistant, not resistant to hostile enchantments, unstealthy
A: breathe noxious fumes, unfitting armour, stinger 1, agile 1, poison
resistance, regeneration 1, strong 1, cold-blooded, AC +8
a: Breathe Noxious Fumes, Scrying, Transfer Knowledge, Renounce Religion


You were on level 13 of the Dungeon.
You worshipped Ashenzari.
Ashenzari was extremely pleased with you.
You were not hungry.

You visited 2 branches of the dungeon, and saw 14 of its levels.
You also visited: Sewer and Bailey.

You collected 841 gold pieces.

Inventory:

Armour
 g - a cursed +1 pair of gloves (worn)
 E - a cursed +2 pair of boots (worn)
 K - a cursed +0 cloak (worn)
Jewellery
 d - a cursed +4 ring of protection (right hand)
 p - a cursed +3 ring of evasion (left hand)
 D - an uncursed ring of protection from cold
Magical devices
 e - a wand of paralysis (8)
 j - a wand of magic darts (8)
 m - a wand of flame (21)
 o - a wand of slowing (30)
 v - a wand of fireball (4)
 C - a wand of slowing (20)
 O - a wand of draining (5)
 Q - a wand of random effects (32)
 S - a wand of hasting (5)
 T - a wand of draining (5)
Scrolls
 a - 6 scrolls of teleportation
 h - 4 scrolls of magic mapping
 i - a scroll of amnesia {unknown}
 k - 2 scrolls of curse armour
 q - a scroll of blinking {unknown}
 y - a scroll of immolation
 G - 4 scrolls of recharging
 I - 6 scrolls of fog
 J - 2 scrolls of fear
 R - a scroll of remove curse
Potions
 n - 2 potions of might
 r - a potion of haste
 s - 2 potions of restore abilities
 u - 3 potions of curing
 x - 2 potions of brilliance
 z - 2 potions of resistance
 A - 3 potions of magic
 N - a potion of invisibility
 P - 2 potions of berserk rage
 V - 2 potions of flight
Books
 w - a book of Death

   Spells                             Type                      Level
   a - Corpse Rot                     Necromancy                   2
   b - Sublimation of Blood           Necromancy                   2
   c - Agony                          Necromancy                   5
   d - Dispel Undead                  Necromancy                   5
   e - Excruciating Wounds            Charms/Necromancy            5
   f - Bolt of Draining               Conjuration/Necromancy       5
 F - a book of Unlife

   Spells                             Type                      Level
   a - Recall                         Summoning/Translocation      3
   b - Animate Dead                   Necromancy                   4
   c - Control Undead                 Necromancy                   4
   d - Cigotuvi's Embrace             Necromancy                   5
   e - Death Channel                  Necromancy                   6
   f - Simulacrum                     Ice/Necromancy               6
 L - a Fen Folio

   Spells                             Type                      Level
   a - Corpse Rot                     Necromancy                   2
   b - Stone Arrow                    Conjuration/Earth            3
   c - Leda's Liquefaction            Hexes/Earth                  4
   d - Summon Forest                  Summoning/Translocation      5
   e - Hydra Form                     Transmutation                6
   f - Summon Hydra                   Summoning                    7
Comestibles
 b - 5 bread rations
 f - 3 slices of pizza
 t - 2 beef jerkies
 B - 5 royal jellies
 H - 5 meat rations
 M - 11 fruits
 U - 6 chunks of flesh


   Skills:
 + Level 11.8 Fighting
 - Level 8.6(11.2) Dodging
 - Level 1.7(3.6) Stealth
 * Level 14.6 Unarmed Combat
 + Level 6.4(9.1) Evocations


You had 11 spell levels left.
You didn't know any spells.

Dungeon Overview and Level Annotations

Branches:
Dungeon (13/15)            Temple (1/1) D:5            Lair (0/8) D:8
    Orc (0/4) D:12
 Vaults: D:13-14

Altars:
Ashenzari
Cheibriados
Dithmenos
Elyvilon
Fedhas
Gozag
Kikubaaqudgha
Makhleb
Nemelex Xobeh
Okawaru
Qazlal
Ru
Sif Muna
Trog
Vehumet
Xom
Yredelemnul
Zin
The Shining One

Shops:
D:6 :

Portals:
Trove: D:11 (give +4 demon whip)

Annotations:
D:9 runed door


Innate Abilities, Weirdness & Mutations

You can breathe blasts of noxious fumes.
Your lurid green scales are hard (AC +8).
Your body does not fit into most forms of armour.
Your system is resistant to poisons.
Your cold-blooded metabolism reacts poorly to cold.
Your tail ends in a poisonous barb.
You are agile. (Dex +2)
Your natural rate of healing is unusually fast.
Your muscles are strong. (Str +2)


Message History

Okay, then.
The kobold demonologist gestures wildly while chanting.
The sun demon hits you!
* * * LOW HITPOINT WARNING * * *
You are engulfed in flames!
* * * LOW HITPOINT WARNING * * *
Read which item? (? for menu, Esc to quit)
Okay, then.
Drink which item? (? for menu, Esc to quit)
Okay, then.
Read which item? (? for menu, Esc to quit)
Okay, then.
Drink which item? (? for menu, Esc to quit)
You feel protected.
Cornered, the kobold demonologist turns to fight!
The kobold demonologist mumbles some strange words.
The sun demon hits you!
* * * LOW HITPOINT WARNING * * *
You are engulfed in flames.
You resist.
You die...

#.......#,,{ , ** , ,
........#,, ∆, , * ,, ,,
,, , ....##..# {,* , ,
**,, , , .##.##..# ,
*,*,,* * ,, *#.##..# ,,,
,, ** *, , *
#.#...####++#### * *,, ,
#.#.....(.5....# ,,, *
#.....##4.....########.
,* *
##...#####K..(3@........
,* ##(..##
#.....########., ,
#...## #55.........., ,
....# #......##### * ,,,
..#.# #........# ,, ,,
..#.# *#....###...#* ,,
, ..#.###...### ##....
,* ,, ..#.##...# *... ,,
* * * .........# .. **


You could see a sun demon, a hellwing, a kobold demonologist, a quasit, a
crimson imp and a white imp.

Vanquished Creatures
  A hydra (D:12)
  2 centaur warriors (D:12)
  Urug (D:11)
  A deep elf knight (Bailey)
  A wizard (D:12)
  4 hill giants (D:12)
  A griffon (D:12)
  2 centaur zombies (D:12)
  An ugly thing (D:13)
  2 cyclopes (D:12)
  Joseph (D:11)
  A gargoyle (D:11)
  A freezing wraith (D:12)
  A deep elf priest (Bailey)
  A two-headed ogre (D:12)
  A trapdoor spider (D:9)
  A basilisk (D:12)
  A shadow (D:11)
  A wraith (D:10)
  5 deep elf magi
  3 yaks (D:11)
  2 hippogriffs
  2 wyverns
  4 hungry ghosts
  5 deep elf fighters (Bailey)
  Menkaure (D:6)
  2 water moccasins
  3 ice beasts
  2 orc warriors
  A sky beast (D:10)
  3 black bears
  2 phantoms
  A necrophage (D:8)
  6 ogres
  8 centaurs
  An eye of draining (D:12)
  Duvessa (D:5)
  5 giant frogs
  A brain worm (D:12)
  4 big kobolds (Sewer)
  2 wyvern skeletons
  2 wyvern zombies
  A water moccasin skeleton (D:8)
  2 scorpions (D:8)
  6 killer bees (D:7)
  A spriggan skeleton (D:9)
  A goliath beetle (D:8)
  4 quasits
  10 wights
  An electric eel (D:6)
  Dowan (D:5)
  A wasp zombie (D:12)
  4 crimson imps
  6 hounds
  2 giant frog zombies
  3 jellies
  9 orc priests
  3 giant frog skeletons
  15 orc wizards
  9 centaur skeletons
  17 worker ants
  An iguana (D:12)
  A hound zombie (D:3)
  A mummy (D:7)
  17 adders
  7 gnolls
  5 shadow imps
  3 giant mites
  6 worms
  An adder skeleton (D:6)
  5 giant geckos
  An ooze (Sewer)
  55 orcs
  3 ball pythons (Sewer)
  13 bats
  A bat skeleton (D:4)
  A bat zombie (D:8)
  7 giant cockroaches
  18 goblins
  13 hobgoblins
  16 jackals
  22 kobolds
  3 giant newts
  A giant spore (D:10)
  A jackal skeleton (D:4)
  4 quokkas
  47 rats
  2 ballistomycetes (D:6)
442 creatures vanquished.

Vanquished Creatures (others)
  A giant spore (D:6)
  A butterfly (D:6)
2 creatures vanquished.

Grand Total: 444 creatures vanquished

Notes
Turn   | Place    | Note
--------------------------------------------------------------
     0 | D:1      | PolkaDot, the Draconian Monk, began the quest for the Orb.
     0 | D:1      | Reached XP level 1. HP: 19/19 MP: 1/1
   342 | D:1      | Reached XP level 2. HP: 24/26 MP: 2/2
   829 | D:2      | Found a burning altar of Makhleb.
   829 | D:2      | Noticed an Executioner
   896 | D:2      | Reached XP level 3. HP: 5/31 MP: 3/3
  1767 | D:2      | Reached skill level 5 in Unarmed Combat
  1767 | D:2      | Reached XP level 4. HP: 24/40 MP: 4/4
  2291 | D:3      | Found a glowing drain.
  2318 | Sewer    | Entered a sewer
  2351 | Sewer    | Noticed a big kobold
  2361 | Sewer    | Killed a big kobold
  2361 | Sewer    | Reached XP level 5. HP: 28/47 MP: 5/5
  2474 | Sewer    | Noticed a big kobold
  2496 | Sewer    | Killed a big kobold
  2724 | Sewer    | Noticed a big kobold
  2738 | Sewer    | Killed a big kobold
  2738 | Sewer    | Reached skill level 6 in Unarmed Combat
  2738 | Sewer    | Reached XP level 6. HP: 45/53 MP: 6/6
  2797 | Sewer    | Noticed a big kobold
  2810 | Sewer    | Killed a big kobold
  2810 | Sewer    | Reached skill level 5 in Fighting
  3295 | D:3      | Found a sparkling altar of Nemelex Xobeh.
  3742 | D:3      | Found a shattered altar of Ashenzari.
  3859 | D:3      | Became a worshipper of Ashenzari the Shackled
  3859 | D:3      | Acquired Ashenzari's first power
  4171 | D:3      | Your scales start taking on a lurid green colour.
  4171 | D:3      | Gained mutation: Your system is resistant to poisons. [draconian maturity]
  4171 | D:3      | Reached XP level 7. HP: 58/61 MP: 7/7
  4746 | D:4      | Got the cursed pair of boots of the Harvest {rElec rF+ MR+ Int+3}
  4752 | D:4      | Identified the cursed -5 pair of boots of the Harvest {rElec rF+ MR+ Int+3} (You found it on level 4 of the Dungeon)
  4964 | D:4      | Reached skill level 7 in Unarmed Combat
  5775 | D:5      | Entered Level 5 of the Dungeon
  5905 | D:5      | Reached XP level 8. HP: 40/70 MP: 8/8
  5907 | D:5      | Reached skill level 5 in Dodging
  6059 | D:5      | Found a staircase to the Ecumenical Temple.
  6101 | D:5      | Reached skill level 8 in Unarmed Combat
  6129 | Temple   | Entered the Ecumenical Temple
  6701 | D:5      | Noticed Duvessa
  6703 | D:5      | Noticed Dowan
  6708 | D:5      | Killed Duvessa
  6715 | D:5      | Killed Dowan
  6921 | D:6      | Acquired Ashenzari's second power
  7001 | D:6      | Found Ybiuxuuqa's Book Shoppe.
  7403 | D:6      | Noticed Menkaure
  7412 | D:6      | Killed Menkaure
  7462 | D:6      | Reached skill level 9 in Unarmed Combat
  8106 | D:7      | Reached XP level 9. HP: 61/79 MP: 9/9
  9059 | D:7      | Reached skill level 10 in Unarmed Combat
  9348 | D:8      | Found a staircase to the Lair.
  9717 | D:8      | Found a bloodstained altar of Trog.
 10172 | D:8      | Reached XP level 10. HP: 82/88 MP: 10/10
 10626 | D:9      | Found a runed door.
 10632 | D:9      | Reached skill level 11 in Unarmed Combat
 11053 | D:9      | Gained mutation: Your tail ends in a poisonous barb. [potion of mutation]
 11053 | D:9      | Gained mutation: Your muscles are strong. (Str +2) [potion of mutation]
 11053 | D:9      | Gained mutation: You are agile. (Dex +2) [potion of mutation]
 11329 | D:9      | Gained mutation: Your natural rate of healing is unusually fast. [potion of beneficial mutation]
 11871 | D:9      | Found a stormy altar of Qazlal.
 11905 | D:9      | Acquired Ashenzari's third power
 12042 | D:10     | Entered Level 10 of the Dungeon
 12931 | D:11     | Noticed Joseph
 12932 | D:11     | Found an iron altar of Okawaru.
 12948 | D:11     | Killed Joseph
 13045 | D:11     | Found a portal to a secret trove of treasure.
 13170 | D:11     | Reached skill level 12 in Unarmed Combat
 13325 | D:11     | Noticed Urug
 13343 | D:11     | Killed Urug
 13478 | D:11     | Reached XP level 11. HP: 99/99 MP: 11/11
 13726 | D:12     | Noticed a hill giant
 13740 | D:12     | Killed a hill giant
 13740 | D:12     | Reached skill level 10 in Fighting
 13983 | D:12     | Reached skill level 1 in Evocations
 14007 | D:12     | Noticed a centaur warrior
 14010 | D:12     | Noticed a centaur warrior
 14011 | D:12     | Noticed a hill giant
 14012 | D:12     | Noticed a wizard
 14020 | D:12     | Killed a centaur warrior
 14027 | D:12     | Killed a centaur warrior
 14027 | D:12     | Reached skill level 13 in Unarmed Combat
 14034 | D:12     | Killed a wizard
 14044 | D:12     | Killed a hill giant
 14133 | D:12     | Noticed a six-headed hydra
 14281 | D:12     | Noticed a hill giant
 14290 | D:12     | Killed a hill giant
 14492 | D:12     | Killed a six-headed hydra
 14492 | D:12     | Reached skill level 5 in Evocations
 14492 | D:12     | Reached XP level 12. HP: 47/110 MP: 18/20
 14715 | D:12     | Noticed a hill giant
 14723 | D:12     | Killed a hill giant
 14723 | D:12     | Reached skill level 14 in Unarmed Combat
 14929 | D:12     | Found a staircase to the Orcish Mines.
 15140 | D:13     | Found a flagged portal.
 15154 | Bailey   | Entered a bailey
 15365 | Bailey   | Acquired Ashenzari's fourth power
 15616 | D:13     | Noticed a centaur warrior
 15627 | D:13     | HP: 4/112 [sun demon[a kobold demonologist] (9)]
 15627 | D:13     | Slain by a sun demon

Action                   |  1- 3 |  4- 6 |  7- 9 | 10-12 || total
-------------------------+-------+-------+-------+-------++-------
Melee: Unarmed           |   158 |   294 |   691 |   722 ||  1865
 Abil: Breathe Noxious F |       |       |    12 |     4 ||    16
  Use: Potion            |       |     2 |    13 |    10 ||    25
       Scroll            |       |     6 |    11 |    16 ||    33
 Stab: Sleeping          |     3 |     1 |     2 |     9 ||    15
       Distracted        |       |     1 |       |       ||     1
       Confused          |       |       |    11 |     3 ||    14
  Eat: Chunk             |     3 |     6 |    19 |    18 ||    46
       Bread ration      |       |     1 |       |     1 ||     2
